 Dungeon Crawl Stone Soup version 0.23-a0-641-g0a7f1ce553 (webtiles) character file.

30 HereIgoKillingAgain the Sneak (level 3, -2/16 HPs)
             Began as a Spriggan Enchanter on Dec 30, 2018.
             Killed by divine providence
             ... invoked by an orc priest
              (10 damage)
             ... on level 3 of the Dungeon.
             The game lasted 00:02:30 (2196 turns).

HereIgoKillingAgain the Sneak (Spriggan Enchanter)  Turns: 2196, Time: 00:02:31

Health: -2/16      AC:  3    Str:  4    XL:     3   Next: 3%
Magic:  8/8        EV: 19    Int: 17    God:
Gold:   87         SH:  0    Dex: 16    Spells: 2/8 levels left

rFire    . . .     SeeInvis +   f - +1 dagger (freeze)
rCold    . . .     Gourm    .   (shield restricted)
rNeg     . . .     Faith    .   j - +1 robe {MR+}
rPois    .         Spirit   .   (helmet restricted)
rElec    .         Reflect  .   (no cloak)
rCorr    .         Harm     .   (gloves unavailable)
MR       +....                  (boots unavailable)
Stlth    +++.......             (no amulet)
HPRegen  0.05/turn              (no ring)
MPRegen  0.11/turn              (no ring)

@: very quick
A: very small, unfitting armour, see invisible, herbivore, speed 3, slow
metabolism 2
a: no special abilities


You were on level 3 of the Dungeon.
You were not hungry.

You visited 1 branch of the dungeon, and saw 3 of its levels.

You collected 87 gold pieces.

Inventory:

Hand Weapons
 f - a +1 dagger of freezing (weapon)
Armour
 j - a +1 robe of magic resistance (worn)
Scrolls
 a - a scroll of fog
 b - a scroll of teleportation
 c - a scroll of blinking
 g - 2 scrolls of remove curse
 h - a scroll of magic mapping {unknown}
 i - a scroll of amnesia {unknown}
 k - a scroll of enchant weapon {unknown}
Potions
 e - a potion of curing
Comestibles
 d - 8 rations


   Skills:
 - Level 1.1 Short Blades
 + Level 3.6 Dodging
 + Level 5.0 Stealth
 + Level 3.2 Spellcasting
 + Level 4.0 Hexes


You had 2 spell levels left.
You knew the following spells:

 Your Spells              Type           Power        Failure   Level  Hunger
a - Ensorcelled Hibernat  Hex/Ice        #.....       11%         2    ##.....
b - Confuse               Hex            ###.....     10%         3    ###....
c - Corona                Hex            ###....      3%          1    None

Your spell library contained the following spells:

 Spells                   Type           Power        Failure   Level  Hunger
 Tukima's Dance           Hex            ###.....     10%         3    ###....
 Dazzling Spray           Conj/Hex       #.....       22%         3    ###....


Dungeon Overview and Level Annotations

Branches:
Dungeon (3/15)

Altars:


Innate Abilities, Weirdness & Mutations

You are very small and have problems with some larger weapons.
You are too small for most types of armour.
You have supernaturally acute eyesight. (SInv)
You are a herbivore.
You cover ground extremely quickly.
You need to consume almost no food.


Message History

c - Ensorcelled Hibernation Adjust to which letter? a - Ensorcelled Hibernation; c - Corona HP restored.
Magic restored.
There is a stone staircase leading down here.
You climb downwards.
The orc misses you.
The orc priest calls down the wrath of Beogh upon you.
You resist with some effort.
There is a stone staircase leading up here.
Unknown command.
The orc barely misses you.
The orc priest mumbles some strange prayers to Beogh against you.
Beogh smites you!
Ouch! That really hurt!
The orc completely misses you.
The orc priest mumbles some strange prayers to Beogh against you.
Beogh smites you!
Ouch! That really hurt!
You die...

#.### #.#..
#.#.# #.#.#
####.#w#####
#.o.........
#.#.##
#.ooo#
###@o# ##.#
.# ##


You could see 2 orc priests, a dart slug and 3 orcs.

Vanquished Creatures
  An ooze (D:2)
  A worm (D:2)
  A dart slug (D:1)
  A leopard gecko (D:1)
  3 giant cockroaches (D:2)
  4 goblins
  4 kobolds
  A bat (D:2)
  A frilled lizard (D:2)
  4 rats
21 creatures vanquished.

Notes
Turn   | Place    | Note
-------+----------+-------------------------------------------
     0 | D:1      | HereIgoKillingAgain the Spriggan Enchanter began the quest
                  | for the Orb.
     0 | D:1      | Reached XP level 1. HP: 9/9 MP: 5/5
   544 | D:1      | Reached XP level 2. HP: 9/13 MP: 4/6
  1180 | D:2      | Reached skill level 5 in Stealth
  2178 | D:2      | Reached XP level 3. HP: 15/16 MP: 6/8
  2183 | D:2      | Learned a level 3 spell: Confuse
  2186 | D:2      | Learned a level 2 spell: Ensorcelled Hibernation
  2196 | D:3      | Killed from afar by an orc priest

Vault maps used:
D:1:      nzn_arrival_crosshair, minmay_misc_feat_rugged
D:2:      wander_river, first_ration, kennysheep_doodads, minmay_bisected
D:3:      nicolae_tso_swordbearing_angel

Skill      XL: |  1  2 |
---------------+-------+-----
Spellcasting   | 3 |  3.2
Hexes          | 4 |  4.0
Stealth        | 5 |  5.0
Short Blades   | |  1.1
Dodging        | |  3.6

Action                   || total
-------------------------++-------
Melee: Dagger            ||    95
 Cast: Corona            ||    14
  Use: Scroll            ||     6
Armor: Robe              ||    12
Dodge: Dodged            ||    74

Table legend:
 A = Non-vault XP
 B = Vault XP
 C = Vault XP percentage of total XP
 D = Non-vault monster count
 E = Vault monster count
 F = Vault count percentage of total count
                 A         B        C        D         E       F
            +---------+---------+-------+---------+---------+-------
      Total |      28 |      15 |  34.9 |      17 |       4 |  19.0
            +---------+---------+-------+---------+---------+-------
        D:1 |      19 |       0 |   0.0 |      11 |       0 |   0.0
        D:2 |       9 |      15 |  62.5 |       6 |       4 |  40.0
            +---------+---------+-------+---------+---------+-------
